 Dungeon Crawl Stone Soup version 0.25-b1-37-g2669288c55 (webtiles) character file.

Game seed: 13776611393386895745

2354 grindst0ne the Fighter (level 9, 0/74 HPs)
             Began as a Demonspawn Gladiator on June 4, 2020.
             Killed from afar by an orc wizard (7 damage)
             ... with a magic dart
             ... while paralysed by an orc warrior
             ... on level 8 of the Dungeon.
             The game lasted 00:05:56 (5066 turns).

grindst0ne the Fighter (Demonspawn Gladiator)       Turns: 5066, Time: 00:05:56

Health: 0/74       AC: 10    Str: 19    XL:     9   Next: 20%
Magic:  9/9        EV:  2    Int:  9    God:
Gold:   258        SH:  0    Dex: 14    Spells: 8/8 levels left

rFire    + . .     SeeInvis .   a - +0 war axe
rCold    . . .     Gourm    .   v - +0 kite shield
rNeg     . . .     Faith    .   g - +0 ring mail
rPois    .         Spirit   .   c - +0 helmet
rElec    .         Reflect  +   k - +0 cloak
rCorr    .         Harm     .   l - +0 pair of gloves
MR       .....                  (no boots)
Stlth    +.........             t - amulet of reflection
HPRegen  0.22/turn              o - ring of protection from fire
MPRegen  0.11/turn              (no ring)

@: paralysed, mighty
A: talons 2, powered by pain 2, spiny 2
a: no special abilities


You were on level 8 of the Dungeon.
You were hungry.

You visited 2 branches of the dungeon, and saw 7 of its levels.

You collected 258 gold pieces.

Inventory:

Hand Weapons
 a - a +0 war axe (weapon)
Missiles
 d - a throwing net (quivered)
Armour
 b - a +0 leather armour
 c - a +0 helmet (worn)
 g - a +0 ring mail (worn)
 k - a +0 cloak (worn)
 l - a +0 pair of gloves (worn)
 v - a +0 kite shield (worn)
Jewellery
 o - a ring of protection from fire (left hand)
 p - an uncursed ring of flight
 t - an amulet of reflection (around neck)
Wands
 w - a wand of polymorph (7)
 y - a wand of iceblast (7)
Scrolls
 e - 5 scrolls of identify
 i - 3 scrolls of remove curse
 j - 4 scrolls of amnesia {unknown}
 u - a scroll of blinking {unknown}
 B - a scroll of acquirement {unknown}
Potions
 h - 2 potions of mutation {unknown}
 m - a potion of invisibility {unknown}
 n - a potion of berserk rage {unknown}
 q - a potion of degeneration {unknown}
 s - 3 potions of lignification {unknown}
 x - a potion of stabbing {unknown}
 z - a potion of heal wounds {unknown}
Comestibles
 f - 11 rations
 r - 6 chunks of flesh


   Skills:
 + Level 8.2 Fighting
 - Level 2.6 Axes
 - Level 1.7 Throwing
 + Level 7.2 Armour
 - Level 2.6 Dodging
 + Level 4.4 Shields


You had 8 spell levels left.
You didn't know any spells.
Your spell library was empty.

Dungeon Overview and Level Annotations

Branches:
Dungeon (8/15)             Temple (1/1) D:6
   Lair: D:8-11

Altars:
Ashenzari
Dithmenos
Fedhas
Gozag
Hepliaklqana
Kikubaaqudgha
Nemelex Xobeh
Okawaru
Sif Muna
Uskayaw
Wu Jian
Yredelemnul
The Shining One


Innate Abilities, Weirdness & Mutations

You have razor-sharp toenails.
You sometimes gain power by taking damage.
You are mostly covered in sharp spines.


Message History

Something hits you.
The orc wizard mumbles some strange words.
The orc wizard flickers and vanishes!
The orc barely misses you.
The orc warrior hits you with a +0 scimitar!
* * * LOW HITPOINT WARNING * * *
You focus on the pain.
You feel very mighty all of a sudden. Something hits you.
* * * LOW HITPOINT WARNING * * *
The orc completely misses you.
Reactivating autopickup.
You feel a bit more experienced. The orc hits you but does no damage.
The orc warrior hits you with a +0 mace.
* * * LOW HITPOINT WARNING * * *
The orc warrior zaps a wand.
You shrug off the repeated paralysis!
The worker ant bites you but does no damage.
A magic dart appears from out of thin air!
Deactivating autopickup; reactivate with Ctrl-A.
The magic dart hits you!
You die...

#........'........#.....#
#........#........#.....#
##..##..##..##..###.##.####
##..##..##..##..###)##...#.
#...........+....#oo....#.(
#........)..#...o'o).o..#..
#####'#######..###.######..##.
#<.##..##..##.o###.#######'##|
#..........oa@.{......#...r##.
#.>........ooooo......#...o...
#....).(..............#.......
#.....(...............#.......
#(....................#.......
#..##########.####...##....##.
#### #(# #...########. ..+
....# .) ...# ....+ ...


You could see 2 orc warriors, a worker ant and 5 orcs.

Vanquished Creatures
  A troll (D:6)
  3 hippogriffs
  An ice beast (D:7)
  A sky beast (D:7)
  2 centaurs
  An ogre (D:6)
  A big kobold (D:6)
  A bullfrog (D:8)
  2 scorpions
  6 killer bees
  A howler monkey (D:8)
  6 crimson imps
  A quasit (D:8)
  3 orc priests
  2 jellies
  2 bullfrog skeletons (D:6)
  2 orc wizards
  A worker ant (D:7)
  A hound zombie (D:6)
  A worker ant zombie (D:6)
  3 adders
  A shadow imp (D:7)
  2 leopard geckos
  4 orcs
  A ball python (D:2)
  3 giant cockroaches
  7 hobgoblins
  5 jackals
  2 quokkas
  5 bats
  3 frilled lizards
  7 goblins
  22 kobolds
  A quokka skeleton (D:8)
  6 rats
111 creatures vanquished.

Vanquished Creatures (others)
  An orc wizard (D:8)
  2 plants (D:6)
3 creatures vanquished.

Grand Total: 114 creatures vanquished

Notes
Turn   | Place    | Note
-------+----------+-------------------------------------------
     0 | D:1      | grindst0ne the Demonspawn Gladiator began the quest for the
                  | Orb.
     0 | D:1      | Reached XP level 1. HP: 16/16 MP: 1/1
   122 | D:1      | Reached skill level 1 in Armour
   122 | D:1      | Gained mutation: You have sharp toenails. [demonic
                  | ancestry]
   122 | D:1      | Reached XP level 2. HP: 19/23 MP: 2/2
   918 | D:2      | Found a hide-covered altar of Uskayaw.
  1062 | D:2      | Noticed a +0 dagger
  1063 | D:2      | Noticed a +0 hand axe
  1156 | D:2      | Gained mutation: You sometimes gain a little power by
                  | taking damage. [demonic ancestry]
  1156 | D:2      | Reached XP level 3. HP: 23/28 MP: 3/3
  1400 | D:2      | Reached skill level 3 in Fighting
  1996 | D:3      | You fall into a shaft and drop 3 floors!
  1996 | D:6      | Noticed a big kobold
  2021 | D:6      | Gained mutation: You are partially covered in sharp spines.
                  | [demonic ancestry]
  2021 | D:6      | Reached XP level 4. HP: 26/35 MP: 4/4
  2021 | D:6      | Killed a big kobold
  2023 | D:6      | Gained mutation: You have razor-sharp toenails. [demonic
                  | ancestry]
  2023 | D:6      | Reached XP level 5. HP: 32/42 MP: 5/5
  2033 | D:6      | Reached skill level 4 in Fighting
  2246 | D:6      | Noticed an ogre
  2253 | D:6      | Killed an ogre
  2274 | D:6      | Gained mutation: You sometimes gain power by taking damage.
                  | [demonic ancestry]
  2274 | D:6      | Reached XP level 6. HP: 49/49 MP: 6/6
  2383 | D:6      | Reached skill level 5 in Fighting
  2573 | D:6      | Found a staircase to the Ecumenical Temple.
  2584 | Temple   | Entered the Ecumenical Temple
  2798 | D:6      | Noticed a troll
  2806 | D:6      | Killed a troll
  2806 | D:6      | Reached skill level 5 in Armour
  2806 | D:6      | Reached XP level 7. HP: 48/57 MP: 7/7
  2810 | D:6      | Reached skill level 6 in Fighting
  3659 | D:7      | Reached skill level 1 in Shields
  3670 | D:7      | Gained mutation: You are mostly covered in sharp spines.
                  | [demonic ancestry]
  3670 | D:7      | Reached XP level 8. HP: 62/65 MP: 8/8
  3750 | D:7      | Noticed a hippogriff
  3756 | D:7      | Killed a hippogriff
  3756 | D:7      | Reached skill level 7 in Fighting
  4076 | D:7      | Found a shattered altar of Ashenzari.
  4284 | D:8      | Noticed a hippogriff
  4292 | D:8      | Killed a hippogriff
  4570 | D:8      | Noticed a hippogriff
  4577 | D:8      | Killed a hippogriff
  4577 | D:8      | Reached skill level 8 in Fighting
  4577 | D:8      | Reached XP level 9. HP: 10/74 MP: 9/9
  5063 | D:8      | Paralysed by an orc warrior for 5 turns
  5066 | D:8      | Killed from afar by an orc wizard

Illustrated notes

Levels and vault maps discovered:
D:1:      minmay_arrival_diagonal_passages, layout_loops_ring,
          minmay_pentomino_p2
D:2:      minmay_wonky_spiral, layout_loops_cross, dancing_weapons_uskayaw
D:3:      layout_basic, elyvilon_altar_1, guppyfry_early_lair_pool
D:6:      kennysheep_kobold_camp, layout_basic,
          minmay_temple_entry_statues_pillars
D:7:      layout_loops_ring, kennysheep_little_box
D:8:      layout_gridville, kennysheep_mini, serial_shops, shop
Temple:   minmay_temple_curvy_loop

Skill      XL: |  1  2  3  4  5  6  7  8 |
---------------+-------------------------+-----
Armour         | 1 2 3 5 7 |  7.2
Fighting       | 3 4 5 6 8 |  8.2
Shields        | 1 4 |  4.4
Axes           | |  2.6
Throwing       | |  1.7
Dodging        | |  2.6

Action                   |  1- 3 |  4- 6 |  7- 9 || total
-------------------------+-------+-------+-------++-------
Melee: War axe           |   109 |    46 |   109 ||   264
       Kick              |    18 |    16 |    40 ||    74
Throw: Throwing net      |       |     2 |     1 ||     3
  Use: Scroll            |       |       |     2 ||     2
       Potion            |       |       |     1 ||     1
 Stab: Held in net/web   |       |     1 |       ||     1
  Eat: Chunk             |     3 |     3 |       ||     6
       Ration            |       |       |     2 ||     2
Armor: Leather armour    |    14 |       |       ||    14
       Ring mail         |    39 |    20 |    78 ||   137
Dodge: Dodged            |    89 |    23 |    64 ||   176
Block: Other             |       |    10 |    12 ||    22
       Reflection        |       |     1 |     4 ||     5
       Kite shield       |       |       |    80 ||    80
